 Dungeon Crawl Stone Soup version 0.27.0-1-g7a089689b8 (webtiles) character file.

Game seed: 11426530005086215072

2662 tbh1313 the Carver (level 9, -17/74 HPs)
             Began as a Minotaur Fighter on Aug 11, 2021.
             Was an Elder of Okawaru.
             Demolished by a two-headed ogre (27 damage)
             ... on level 7 of the Dungeon.
             The game lasted 00:12:29 (6838 turns).

tbh1313 the Carver (Minotaur Fighter)               Turns: 6838, Time: 00:12:29

Health: -17/74     AC:  6    Str: 21    XL:     9   Next: 36%
Magic:  10/11      EV: 13    Int: 14    God:    Okawaru [****..]
Gold:   269        SH:  0    Dex: 10    Spells: 8/8 levels left

rFire    . . .     SeeInvis .   g - +1 double sword (drain)
rCold    . . .     Faith    .   (no shield)
rNeg     . . .     Spirit   .   v - +3 leather armour {Will+}
rPois    .         Reflect  .   (helmet restricted)
rElec    .         Harm     .   (no cloak)
rCorr    .         Rampage  .   (no gloves)
Will     +....                  (no boots)
Stlth    +.........             (no amulet)
HPRegen  0.22/turn              l - +6 ring of intelligence
MPRegen  0.12/turn              (no ring)

@: no status effects
A: horns 2, retaliatory headbutt
a: Renounce Religion, Heroism


You were on level 7 of the Dungeon.
You worshipped Okawaru.
Okawaru was greatly pleased with you.
You visited 1 branch of the dungeon, and saw 7 of its levels.
You also visited: Sewer and Ossuary.

You collected 269 gold pieces.

Inventory:

Hand Weapons
 a - a +0 long sword
 g - a +1 double sword of draining (weapon)
Missiles
 k - 6 boomerangs (quivered)
 n - a throwing net
 t - 2 silver javelins
Armour
 b - a +1 scale mail
 c - a +0 kite shield
 v - a +3 leather armour of willpower (worn)
Jewellery
 l - a +6 ring of intelligence (left hand)
Wands
 p - a wand of mindburst (11)
Scrolls
 h - 4 scrolls of teleportation
 q - a scroll of immolation
 s - a scroll of noise
Potions
 d - a potion of haste {unknown}
 e - 2 potions of invisibility
 f - a potion of cancellation {unknown}
 i - a potion of resistance {unknown}
 j - 7 potions of curing
 m - a potion of brilliance {unknown}
 o - 2 potions of lignification
 r - 2 potions of mutation
 u - a potion of ambrosia {unknown}
 w - a potion of attraction {unknown}
 x - 3 potions of heal wounds
 z - 2 potions of flight
 A - a potion of berserk rage {unknown}


   Skills:
 - Level 5.0 Fighting
 * Level 11.7 Long Blades
 - Level 3.0 Throwing
 - Level 5.0 Armour
 - Level 5.0 Dodging
 - Level 3.6 Shields
 + Level 4.0 Invocations


You had 8 spell levels left.
You didn't know any spells.
Your spell library contained the following spells:

 Spells                   Type           Power      Damage    Failure   Level
 Dazzling Flash           Conj/Hex       0%         N/A       69%         3
 Summon Guardian Golem    Hex/Summ       0%         N/A       69%         3
 Iskenderun's Mystic Bla  Conj/Tloc      0%         2d3       97%         4
 Starburst                Conj/Fire      0%         8x6d3     100%        6
 Orb of Destruction       Conj           0%         N/A       100%        7
 Spellforged Servitor     Conj/Summ      0%         N/A       100%        7


Dungeon Overview and Level Annotations

Branches:
Dungeon (7/15)              Sewer (visited)         Ossuary (visited)
 Temple: D:4-7

Altars:
Dithmenos
Gozag
Okawaru


Innate Abilities, Weirdness & Mutations

You have a pair of horns on your head.
You reflexively headbutt those who attack you in melee.


Message History

You slash the necrophage!
You destroy the necrophage!
Okawaru accepts your kill.
You start resting.
An ice beast comes into view.
You barely miss the ice beast. You barely miss the ice beast.
The ice beast completely misses you.
You slash the ice beast! You drain the ice beast.
Your headbutt misses the ice beast.
The ice beast is heavily wounded.
The ice beast closely misses you. You furiously retaliate!
You headbutt the ice beast, but do no damage.
You closely miss the ice beast.
The ice beast is heavily wounded.
The ice beast closely misses you. You furiously retaliate!
You headbutt the ice beast.
You riposte.
You closely miss the ice beast.
The ice beast is severely wounded.
You slash the ice beast! You headbutt the ice beast.
You kill the ice beast!
Okawaru accepts your kill.
A two-headed ogre comes into view. It is wielding two +0 giant clubs.
Your life force feels restored.
Your Invocations skill increases to level 4!
You completely miss the two-headed ogre.
You hit the two-headed ogre. You drain the two-headed ogre.
The two-headed ogre is lightly wounded.
The two-headed ogre closely misses you. You furiously retaliate!
You headbutt the two-headed ogre. The two-headed ogre barely misses you.
You slash the two-headed ogre!
The two-headed ogre is heavily wounded.
The two-headed ogre barely misses you. You furiously retaliate!
You headbutt the two-headed ogre, but do no damage.
The two-headed ogre closely misses you.
You hit the two-headed ogre.
The two-headed ogre is heavily wounded.
The two-headed ogre hits you with a +0 giant club!!
The two-headed ogre hits you with a +0 giant club!
* * * LOW HITPOINT WARNING * * *
The two-headed ogre hits you with a +0 giant club!!
You die...

............#....#
..##.....##.#....###
..##..#.............
..##........########
.........############
####.................
.....########.#######
####. ♣.♣....♣♣ ..
♣.♣.♣@...♣# ##
♣♣♣♣♣O....# ♣)♣....♣#
♣....♣♣ ♣##### ##.# #
...#.#


You could see a two-headed ogre (drained).

Levels and vault maps discovered:
D:1:      dpeg_arrival_fog, layout_basic, hellmonk_ecumenical_altar_lost_god,
          serial_bayou_crossing
D:2:      layout_loops_corners, basic_altar, serial_park_tiny_pond,
          minmay_tripent
D:3:      layout_loops_ring, minmay_diced_spiral, uniq_natasha, uniq_sigmund
D:4:      layout_loops_ring, mainiacjoe_overflow_tiny_flanked
D:5:      layout_rooms
D:6:      layout_gridville, nicolae_gozag_seed_capital, portal_sewer_entry_b
D:7:      nzn_winding_woodlands_three_and_one
          [nzn_winding_woodlands_5x15_crooked, nzn_winding_woodlands_5x15_eye,
          nzn_winding_woodlands_5x15_parted,
          nzn_winding_woodlands_center_diamonds], layout_basic,
          makhleb_altar_promises_db, mainiacjoe_overflow_big_doors,
          minmay_temple_entry_ruins, serial_glass, glass_columns_b,
          glass_columns_b, minmay_strange_pillars,
          nicolae_ossuary_entry_monument, columned_hall_lemuel,
          lightli_church_of_beogh

Notes
Turn   | Place    | Note
-------+----------+-------------------------------------------
     0 | D:1      | tbh1313 the Minotaur Fighter began the quest for the Orb.
     0 | D:1      | Reached XP level 1. HP: 19/19 MP: 0/0
   148 | D:1      | Reached XP level 2. HP: 25/27 MP: 1/1
   325 | D:1      | Found a faded altar of an unknown god.
   352 | D:1      | Reached skill level 3 in Long Blades
   642 | D:1      | Reached skill level 1 in Dodging
   969 | D:2      | Reached XP level 3. HP: 33/33 MP: 2/2
  1848 | D:2      | Reached XP level 4. HP: 40/40 MP: 3/3
  2100 | D:2      | Found an iron altar of Okawaru.
  2109 | D:2      | Became a worshipper of Warmaster Okawaru
  2201 | D:3      | Noticed Natasha
  2213 | D:3      | Killed Natasha
  2214 | D:3      | Reached skill level 4 in Long Blades
  2334 | D:3      | Reached XP level 5. HP: 34/47 MP: 4/4
  2532 | D:3      | Noticed Natasha
  2544 | D:3      | Killed Natasha
  2918 | D:3      | Noticed Sigmund
  2924 | D:3      | Killed Sigmund
  2924 | D:3      | Reached * piety under Okawaru
  2925 | D:3      | Reached skill level 5 in Fighting
  2925 | D:3      | Reached skill level 5 in Long Blades
  2925 | D:3      | Reached skill level 5 in Armour
  2925 | D:3      | Reached XP level 6. HP: 43/56 MP: 5/5
  3061 | D:3      | Identified a scroll of acquirement
  3061 | D:3      | Acquired a +1 double sword of draining
  3240 | D:3      | Noticed Natasha
  3249 | D:3      | Killed Natasha
  3507 | D:4      | Reached ** piety under Okawaru
  3508 | D:4      | Reached skill level 6 in Long Blades
  3643 | D:4      | Found a shadowy altar of Dithmenos.
  3687 | D:4      | Reached XP level 7. HP: 61/61 MP: 6/6
  4111 | D:5      | Entered Level 5 of the Dungeon
  4293 | D:5      | Reached skill level 7 in Long Blades
  4345 | D:5      | Reached skill level 1 in Throwing
  4621 | D:5      | Reached skill level 8 in Long Blades
  4673 | D:5      | Reached XP level 8. HP: 63/68 MP: 7/7
  4862 | D:6      | Reached skill level 5 in Dodging
  4979 | D:6      | Found an opulent altar of Gozag.
  5096 | D:6      | Found a glowing drain.
  5101 | D:6      | Reached *** piety under Okawaru
  5110 | Sewer    | Entered a sewer
  5186 | Sewer    | Reached skill level 9 in Long Blades
  5329 | Sewer    | Found a white marble altar of Elyvilon.
  5712 | D:6      | Reached skill level 10 in Long Blades
  5712 | D:6      | Reached skill level 1 in Invocations
  6359 | D:7      | Found a sand-covered staircase.
  6366 | Ossuary  | Entered an ossuary
  6482 | Ossuary  | Reached XP level 9. HP: 53/74 MP: 8/10
  6492 | Ossuary  | Reached **** piety under Okawaru
  6715 | D:7      | Reached skill level 11 in Long Blades
  6830 | D:7      | Noticed a two-headed ogre
  6838 | D:7      | Demolished by a two-headed ogre

Table legend: (Time is in decaauts)
 A = Elapsed time spent in this place.
 B = Non-inter-level travel time spent in this place.
 C = Inter-level travel time spent in this place.
 D = Time resting spent in this place.
 E = Time spent auto-exploring this place.
 F = Levels seen in this place.
 G = Mean time per level.
                   A        B        C        D        E       F      G
               +--------+--------+--------+--------+--------+-----+--------+
         Total |   6947 |   6646 |    301 |   1185 |   4486 |   9 |  771.9 |
       Dungeon |   6295 |   5994 |    301 |   1012 |   4208 |   7 |  899.3 |
         Sewer |    326 |    326 |      0 |    129 |    115 |   1 |  326.0 |
       Ossuary |    325 |    325 |      0 |     44 |    162 |   1 |  325.0 |
               +--------+--------+--------+--------+--------+-----+--------+

Top non-repeatable levels by time:
     D:2: 1239 daAuts
     D:3: 1181 daAuts
     D:6: 998 daAuts
     D:1: 985 daAuts
     D:4: 833 daAuts
     D:5: 674 daAuts
     D:7: 382 daAuts
   Sewer: 326 daAuts
 Ossuary: 325 daAuts

Table legend:
 A = Kills in this place as a percentage of kills in entire the game.
 B = Kills by you in this place as a percentage of kills by you in the entire game.
 C = Kills by friends in this place as a percentage of kills by friends in the entire game.
 D = Other kills in this place as a percentage of other kills in the entire game.
 E = Experience gained in this place as a percentage of experience gained in the entire game.
 F = Experience gained in this place divided by the number of levels of this place that you have seen.
                   A       B       C       D       E      F
               +-------+-------+-------+-------+-------+----------------------
         Total | 100.0 | 100.0 |   N/A |   N/A | 100.0 | 422.6
       Dungeon |  73.4 |  73.4 |   N/A |   N/A |  89.0 | 483.7
         Sewer |   4.6 |   4.6 |   N/A |   N/A |   2.9 | 109.0
       Ossuary |  22.0 |  22.0 |   N/A |   N/A |   8.1 | 308.0
               +-------+-------+-------+-------+-------+----------------------

Action                   |  1- 3 |  4- 6 |  7- 9 || total
-------------------------+-------+-------+-------++-------
Melee: Long sword        |    73 |    56 |       ||   129
       Headbutt          |     8 |    15 |    36 ||    59
       Double sword      |       |    33 |   202 ||   235
Throw: Boomerang         |       |     5 |     6 ||    11
  Use: Scroll            |     2 |     7 |     7 ||    16
       Potion            |       |     3 |     1 ||     4
Armor: Scale mail        |    35 |    36 |     8 ||    79
       Leather armour    |       |       |    47 ||    47
Dodge: Dodged            |    40 |    56 |   126 ||   222
Block: Kite shield       |     1 |       |       ||     1
       Rpst.: Long sword |     5 |     9 |       ||    14
       Double sword      |       |     5 |    34 ||    39

Vanquished Creatures
  Sigmund (D:3)
  A shadow (D:7)
  An orc warrior (D:7)
  An ice beast (D:7)
  2 sky beasts (D:7)
  A necrophage (D:7)
  2 centaurs (D:6)
  An ogre (D:7)
  An elf zombie (Ossuary)
  A kobold brigand (Sewer)
  2 phantoms
  A bullfrog (D:6)
  3 scorpions
  2 wyvern skeletons (D:7)
  2 water moccasin skeletons (D:5)
  A killer bee (D:7)
  A bullfrog zombie (D:6)
  2 centaur zombies (Ossuary)
  4 hounds
  A human zombie (Ossuary)
  A bullfrog skeleton (D:6)
  2 centaur skeletons
  6 iguanas
  Natasha (thrice) (D:3)
  A hound skeleton (D:4)
  2 mummies (Ossuary)
  A howler monkey zombie (D:6)
  7 gnolls
  8 adders
  A river rat (D:6)
  A white imp (D:3)
  An ufetubus (D:4)
  An adder zombie (Ossuary)
  A worm (D:3)
  7 orcs
  9 endoplasms
  3 giant cockroaches
  4 goblins
  6 hobgoblins
  5 jackals
  3 quokkas
  5 ball pythons
  7 bats
  3 frilled lizards
  2 goblin zombies (Ossuary)
  12 hobgoblin zombies (Ossuary)
  A jackal zombie (Ossuary)
  10 kobolds
  9 kobold zombies (Ossuary)
  4 orc zombies (Ossuary)
  13 rats
  3 rat zombies (Ossuary)
173 creatures vanquished.
